 Dungeon Crawl Stone Soup version 0.31-a0-1178-gc5c9b8f871 (webtiles) character file.

Game seed: 15982846315418884308

67 qw the Shooter (level 4, -1/28 HPs)
             Began as a Gargoyle Hunter on Dec 11, 2023.
             Slain by a goblin
             ... wielding a +0 club
             ... led by Robin
              (6 damage)
             ... on level 2 of the Dungeon.
             The game lasted 00:00:37 (950 turns).

qw the Shooter (Gargoyle Hunter)                     Turns: 950, Time: 00:00:37

Health: -1/28      AC: 10    Str: 14    XL:     4   Next: 18%
Magic:  4/4        EV: 10    Int: 10    God:
Gold:   63         SH:  0    Dex: 15    Spells: 3/3 levels left

rFire   . . .        a - +0 shortbow
rCold   . . .        (shield currently unavailable)
rNeg    + . .        h - +0 ring mail
rPois   inf          (no helmet)
rElec   +            (no cloak)
rCorr   .            (no gloves)
SInv    .            l - +1 pair of boots {rampage}
Will    .....        (no amulet)
Stlth   +            (no ring)
HPRegen 0.24/turn    (no ring)
MPRegen 0.09/turn

%: rampage
@: no status effects
A: sickness immunity, AC +3, negative energy resistance 1, electricity
resistance, torment resistance 1, petrification resistance
a: no special abilities


You were on level 2 of the Dungeon.
You visited 1 branch of the dungeon, and saw 2 of its levels.

You collected 63 gold pieces.


Innate Abilities, Weirdness & Mutations

You are immune to sickness and miasma.
Your stone body is resilient. (AC +3)
You are immune to poison.
You resist negative energy. (rN+)
You are resistant to electric shocks. (rElec)
You are resistant to unholy torment.
You are immune to petrification.


   Skills:
 - Level 3.0 Fighting
 + Level 5.1 Ranged Weapons
 - Level 1.1 Armour
 - Level 1.5 Dodging
 - Level 1.1 Stealth


You had 3 spell levels left.
You didn't know any spells.
Your spell library was empty.

Inventory:

Hand Weapons
 a - a +0 shortbow (weapon)
Armour
 e - a +1 cloak
 h - a +0 ring mail (worn)
 l - a +1 pair of boots of rampaging (worn)
Scrolls
 b - a scroll of blinking {unknown}
 c - a scroll of revelation {unknown}
 d - a scroll of teleportation {unknown}
 f - a scroll of summoning {unknown}
Potions
 g - a potion of mutation {unknown}
 i - 2 potions of curing

Dungeon Overview and Level Annotations

Branches:
Dungeon (2/15)

Altars:

Annotations:
D:2 Robin


Message History

You shoot an arrow. The arrow hits the hobgoblin!
You kill the hobgoblin!
The goblin no longer looks unusually strong.
Robin barely misses you. The hobgoblin hits you.
The goblin hits you but does no damage. x2
You shoot an arrow. The arrow hits Robin.
Robin is lightly wounded.
The goblin no longer looks unusually strong.
The goblin hits you but does no damage. The hobgoblin barely misses you.
The goblin hits you with a +0 club. The goblin barely misses you. x2
The goblin hits you but does no damage. The hobgoblin closely misses you.
The goblin hits you but does no damage.
You shoot an arrow. The arrow barely misses Robin.
The goblin no longer looks unusually strong.
The goblin hits you with a +0 club. The goblin closely misses you.
The hobgoblin barely misses you. The goblin closely misses you.
You shoot an arrow.
The arrow hits Robin but does no damage.
Robin is lightly wounded.
Robin roars a battlecry!
The goblins go into a battle-frenzy!
The goblin hits you but does no damage. The hobgoblin closely misses you.
The goblin hits you but does no damage. The goblin closely misses you.
You shoot an arrow. The arrow closely misses Robin.
Robin barely misses you. The goblin hits you but does no damage.
The goblin closely misses you.
The hobgoblin hits you but does no damage.
The goblin completely misses you.
You shoot an arrow.
The arrow hits Robin but does no damage.
Robin is lightly wounded.
Robin hits you with a +2 falchion of protection.
The goblin hits you but does no damage.
The hobgoblin hits you but does no damage.
The goblin hits you but does no damage. The goblin hits you with a +0 club.
The goblin closely misses you. The goblin hits you but does no damage.
The hobgoblin hits you.
Robin hits you with a +2 falchion of protection.
The goblin hits you with a +0 club.
You die...

#####...###..... #.
.........##....< #.
#....##......... #)
..#...#.##.....)
#)##..........#.....
#...................
#)..............#...
#.ggg...............
#.g@####............
#.#g# #............
#.#.# #............
##...####............
##.......####.##......
##.........###.##......
#..........%...#.......
#...............^#.#...
#..............###.#...


You could see Robin, a hobgoblin (strong) and 3 goblins.

Vanquished Creatures
  An adder (D:2)
  A worm (D:2)
  A dart slug (D:1)
  An orc (D:2)
  4 bats
  2 endoplasms (D:1)
  3 giant cockroaches
  8 goblins
  3 hobgoblins
  4 kobolds
  3 quokkas
  7 ball pythons
  3 frilled lizards
  8 rats
49 creatures vanquished.

Notes
Turn   | Place    | Note
-------+----------+-------------------------------------------
     0 | D:1      | qw the Gargoyle Hunter began the quest for the Orb.
     0 | D:1      | Reached XP level 1. HP: 12/12 MP: 1/1
     0 | D:1      | 0 ||| qw: Version: 0.3-a-106-g2cfff9e
     0 | D:1      | 0 ||| qw: Game counter: 2016
     0 | D:1      | 0 ||| qw: Melee chars always use a shield: true
     0 | D:1      | 0 ||| qw: God list: Okawaru
     0 | D:1      | 0 ||| qw: Allow faded altars: false
     0 | D:1      | 0 ||| qw: Do Orc after clearing Dungeon:15 true
     0 | D:1      | 0 ||| qw: Do second Lair branch before Depths: true
     0 | D:1      | 0 ||| qw: Lair rune preference: random
     0 | D:1      | 0 ||| qw: Goals: Normal, Save, Zot:1-4, Win
     0 | D:1      | 0 ||| PLANNING D:1-11
    76 | D:1      | Reached XP level 2. HP: 17/17 MP: 2/2
   577 | D:1      | 577 ||| UPGRADING to +0 ring mail.
   587 | D:1      | 587 ||| DROPPING +0 leather armour.
   588 | D:1      | 588 ||| UPGRADING to +1 pair of boots of rampaging.
   593 | D:1      | 593 ||| READING scroll labelled MIFREZOGITA.
   594 | D:1      | 594 ||| READING 4 scrolls labelled KUID TIDITE.
   594 | D:1      | 594 ||| IDENTIFYING bubbling emerald potion
   595 | D:1      | 595 ||| READING 3 scrolls of identify.
   595 | D:1      | 595 ||| IDENTIFYING yellow potion
   596 | D:1      | 596 ||| READING 2 scrolls of identify.
   596 | D:1      | 596 ||| IDENTIFYING blue potion
   597 | D:1      | 597 ||| READING scroll of identify.
   597 | D:1      | 597 ||| IDENTIFYING fuming coppery potion
   598 | D:1      | 598 ||| READING scroll labelled PYONYU TEPSA.
   599 | D:1      | 599 ||| DROPPING scroll of butterflies.
   600 | D:1      | 600 ||| DROPPING potion of berserk rage.
   601 | D:1      | 601 ||| DROPPING potion of ambrosia.
   624 | D:2      | Reached skill level 1 in Armour
   624 | D:2      | Reached XP level 3. HP: 21/21 MP: 3/3
   678 | D:2      | 678 ||| FLEEEEING.
   696 | D:2      | Reached skill level 5 in Ranged Weapons
   900 | D:2      | Reached XP level 4. HP: 27/27 MP: 4/4
   928 | D:2      | Reached skill level 3 in Fighting
   930 | D:2      | Noticed Robin
   943 | D:2      | HP: 7/28 [hobgoblin[Robin] (5)]
   944 | D:2      | 944 ||| DRINKING potion of heal wounds.
   950 | D:2      | HP: 7/28 [hobgoblin[Robin] (4)]
   950 | D:2      | Slain by a goblin

Levels and vault maps discovered:
D:1:      amcnicky_arrival_abandoned_market, layout_basic,
          minmay_small_reverse_x
D:2:      layout_rooms, kennysheep_generic_room_7, uniq_robin

Skill      XL: |  1  2  3  4 |
---------------+-------------+-----
Armour         | 1 |  1.1
Ranged Weapons | 5 |  5.1
Fighting       | 3 |  3.0
Dodging        | |  1.5
Stealth        | |  1.1

Action                     |  1- 3 |  4- 6 || total
---------------------------+-------+-------++-------
   Fire: Shortbow          |   122 |    22 ||   144
    Use: Scroll            |     6 |       ||     6
         Potion            |       |     1 ||     1
 Armour: Leather armour    |    20 |       ||    20
         Ring mail         |    16 |    38 ||    54
  Dodge: Dodged            |    37 |    22 ||    59

Table legend:
 A = Non-vault XP
 B = Vault XP
 C = Vault XP percentage of total XP
 D = Non-vault monster count
 E = Vault monster count
 F = Vault count percentage of total count
                 A         B        C        D         E       F
            +---------+---------+-------+---------+---------+-------
      Total |      76 |      21 |  21.6 |      38 |      11 |  22.4
            +---------+---------+-------+---------+---------+-------
        D:1 |      26 |       7 |  21.2 |      15 |       4 |  21.1
        D:2 |      50 |      14 |  21.9 |      23 |       7 |  23.3
            +---------+---------+-------+---------+---------+-------
